 Dungeon Crawl Stone Soup version 0.28.0-43-g3370ac3207 (webtiles) character file.

Game seed: 5602456933422314248

571 pkoi the Gusty (level 7, 0/41 HPs)
             Began as an Octopode Air Elementalist on Mar 16, 2022.
             Shot with an arrow by a centaur (5 damage)
             ... on level 5 of the Dungeon.
             The game lasted 00:07:13 (7202 turns).

pkoi the Gusty (Octopode Air Elementalist)          Turns: 7202, Time: 00:07:13

Health: 0/41       AC:  1    Str:  7    XL:     7   Next: 34%
Magic:  8/10       EV: 13    Int: 20    God:
Gold:   269        SH:  0    Dex: 12    Spells: 2/10 levels left

rFire   . . .      SeeInvis .   e - +2 short sword (speed)
rCold   . . .      Faith    .   (no shield)
rNeg    . . .      Spirit   .   (helmet restricted)
rPois   .          Reflect  .   (no amulet)
rElec   .          Harm     .   (no ring)
rCorr   .          Rampage  .   (no ring)
Will    .....                   (no ring)
Stlth   ++++......              (no ring)
HPRegen 0.13/turn               (no ring)
MPRegen 0.12/turn               (no ring)
                                (no ring)
                                (no ring)

@: no status effects
A: almost no armour, amphibious, 8 rings, camouflage 1, gelatinous body 1,
(nimble swimmer 1), tentacles
a: no special abilities


You were on level 5 of the Dungeon.
You visited 1 branch of the dungeon, and saw 5 of its levels.
You also visited: Ossuary.

You collected 269 gold pieces.

Inventory:

Hand Weapons
 b - a +0 short sword
 e - a +2 short sword of speed (weapon)
Missiles
 g - 21 poisoned darts
Jewellery
 r - a ring of resist corrosion
Wands
 i - a wand of iceblast (8)
 s - a wand of flame (12)
Scrolls
 a - 4 scrolls of identify
 c - a scroll of immolation {unknown}
 d - a scroll of vulnerability {unknown}
 h - a scroll of amnesia {unknown}
 o - 5 scrolls of teleportation
 p - a scroll of fog {unknown}
 q - a scroll of enchant armour
Potions
 f - a potion of mutation
 j - 4 potions of resistance
 k - a potion of lignification {unknown}
 l - 3 potions of curing {unknown}
 m - a potion of heal wounds {unknown}
 n - a potion of haste
 t - a potion of might {unknown}


   Skills:
 - Level 2.0 Dodging
 - Level 4.7 Stealth
 - Level 2.0 Spellcasting
 - Level 1.0 Conjurations
 * Level 7.7 Air Magic


You had 2 spell levels left.
You knew the following spells:

 Your Spells              Type           Power      Damage    Failure   Level
a - Shock                 Conj/Air       76%        1d7       2%          1
b - Swiftness             Air            33%        N/A       1%          3
c - Airstrike             Air            16%        N/A       6%          4

Your spell library contained the following spells:

 Spells                   Type           Power      Damage    Failure   Level
 Static Discharge         Conj/Air       19%        N/A       4%          2
 Pain                     Necr           8%         1d4       16%         1


Dungeon Overview and Level Annotations

Branches:
Dungeon (5/15)             Temple (0/1) D:4         Ossuary (visited)

Altars:
Makhleb

Shops:
D:1 [   D:3 (

Annotations:
D:3 Grinder


Innate Abilities, Weirdness & Mutations

You cannot wear most types of armour.
You are amphibious.
You can wear up to eight rings at the same time.
Your skin changes colour to match your surroundings (Stealth+).
Your rubbery body absorbs attacks. (AC +1, EV +1)
((You are camouflaged when in or above water. (Stealth+)))
You have tentacles for arms and can constrict up to eight enemies at once.


Message History

The centaur shoots an arrow.
The arrow closely misses you.
The centaur shoots an arrow.
The arrow hits you.
The zap misses the centaur.
The centaur shoots an arrow.
The arrow hits you!
* * * LOW HITPOINT WARNING * * *
You are too injured to fight recklessly!
You are too injured to fight recklessly!
Unknown command.
An iguana comes into view.
The centaur shoots an arrow.
The arrow barely misses you.
An orc comes into view. It is wielding a +0 war axe.
The centaur shoots an arrow.
The arrow misses you.
The centaur shoots an arrow.
The arrow misses you.
The centaur shoots an arrow.
The arrow hits you!
* * * LOW HITPOINT WARNING * * *
The centaur shoots an arrow.
The arrow barely misses you.
Unknown command.
A jackal comes into view.
The centaur unwields a +0 shortbow.
The centaur barely misses you. The centaur kicks you.
* * * LOW HITPOINT WARNING * * *
The iguana closely misses you.
You closely miss the centaur. You squeeze the centaur.
The centaur is heavily wounded.
The centaur hits you.
* * * LOW HITPOINT WARNING * * *
The centaur kicks you.
* * * LOW HITPOINT WARNING * * *
The iguana bites you.
* * * LOW HITPOINT WARNING * * *
You hit the centaur but do no damage. You squeeze the centaur!
The centaur is severely wounded.
The centaur hits you!
* * * LOW HITPOINT WARNING * * *
The centaur kicks you but does no damage.
The orc barely misses you.
Unknown command.
Unknown command.
The centaur wields a +0 shortbow.
The centaur shoots an arrow.
The arrow hits you.
You die...

.##.#.. ##. ### ...#...
.... #.# .....######....
##.####### #.##...........
.<.......# #..'...........
#..)...#.###(##...........
#....#.#.....##......h....
.....#.#.....##..lo.......
#...............@.c#######
...............#####
#...#.##....##.#
#...#.##....##.#
#...#.##....##.#
#...#.########.#
...............#
#...#..###.###.# ....#..#
#.# #.#


You could see a centaur, an iguana, an orc and a jackal.

Vanquished Creatures
  2 necrophages (D:4)
  A water moccasin skeleton (D:4)
  A centaur skeleton (D:5)
  2 human zombies (Ossuary)
  Ijyb (D:5)
  4 mummies (Ossuary)
  7 adders
  An adder skeleton (D:4)
  An adder zombie (Ossuary)
  A worm (D:2)
  2 dart slugs
  5 orcs
  5 ball pythons
  A bat skeleton (D:2)
  8 endoplasms
  8 giant cockroaches
  6 goblins
  11 hobgoblins
  8 jackals
  7 quokkas
  7 bats
  A frilled lizard (D:2)
  2 goblin zombies (Ossuary)
  3 hobgoblin zombies (Ossuary)
  2 jackal zombies (Ossuary)
  6 kobolds
  A kobold zombie (Ossuary)
  9 rats
  A rat zombie (Ossuary)
114 creatures vanquished.

Vanquished Creatures (others)
  A plant (D:1)
1 creature vanquished.

Grand Total: 115 creatures vanquished

Notes
Turn   | Place    | Note
-------+----------+-------------------------------------------
     0 | D:1      | pkoi the Octopode Air Elementalist began the quest for the
                  | Orb.
     0 | D:1      | Reached XP level 1. HP: 11/11 MP: 3/3
   193 | D:1      | Found a faded altar of an unknown god.
   201 | D:1      | Got Plato's Incunabulum of Black Arts
   353 | D:1      | Reached XP level 2. HP: 17/17 MP: 1/5
  1000 | D:1      | Reached XP level 3. HP: 15/21 MP: 3/6
  1088 | D:1      | Found Otzushra's Antique Armour Shoppe.
  1462 | D:1      | Reached skill level 4 in Air Magic
  2387 | D:2      | Reached XP level 4. HP: 27/27 MP: 1/7
  2394 | D:2      | Learned a level 3 spell: Swiftness
  3917 | D:3      | Found Xoruo's Antique Weapon Shoppe.
  4320 | D:3      | Found a burning altar of Makhleb.
  4327 | D:3      | Reached XP level 5. HP: 31/31 MP: 6/8
  4363 | D:3      | Noticed Grinder
  4607 | D:4      | Found a sand-covered staircase.
  4612 | Ossuary  | Entered an ossuary
  4643 | Ossuary  | Reached skill level 5 in Air Magic
  5313 | Ossuary  | Reached XP level 6. HP: 36/36 MP: 1/9
  5478 | Ossuary  | Reached skill level 6 in Air Magic
  5513 | D:4      | Found a staircase to the Ecumenical Temple.
  5514 | D:4      | Noticed a necrophage
  5521 | D:4      | Killed a necrophage
  5659 | D:4      | Learned a level 4 spell: Airstrike
  6138 | D:4      | Reached skill level 7 in Air Magic
  6331 | D:4      | Noticed a necrophage
  6340 | D:4      | Killed a necrophage
  6341 | D:4      | Reached XP level 7. HP: 29/41 MP: 2/10
  6795 | D:5      | Entered Level 5 of the Dungeon
  6841 | D:5      | Noticed Ijyb
  6860 | D:5      | Killed Ijyb
  7202 | D:5      | Shot with an arrow by a centaur

Illustrated notes

Levels and vault maps discovered:
D:1:      saegor_arrival_simple_c, layout_basic, serial_shops, shop,
          shapermc_ecumenical_altar_rom_forum
D:2:      layout_basic, st_stairs_10
D:3:      layout_loops_corners, old_standard_altar, serial_shops, shop,
          serial_glass, glass_columns_b, glass_columns_a, glass_columns_c,
          uniq_grinder, uniq_natasha
D:4:      layout_loops_ring, minmay_temple_entry_from_below_a, enter_ossuary_5
D:5:      layout_basic, chequers_serial_rivers_micro_c, uniq_ijyb

Skill      XL: |  1  2  3  4  5  6 |
---------------+-------------------+-----
Stealth        | 3 4 |  4.7
Air Magic      | 4 5 7 |  7.7
Dodging        | |  2.0
Spellcasting   | |  2.0
Conjurations   | |  1.0

Action                   |  1- 3 |  4- 6 |  7- 9 || total
-------------------------+-------+-------+-------++-------
Melee: Short sword       |    13 |    51 |     2 ||    66
       Constrict         |     3 |    13 |       ||    16
       Tentacles         |     2 |    16 |     2 ||    20
       Punch             |     1 |     1 |       ||     2
 Cast: Shock             |    88 |   151 |    26 ||   265
  Use: Scroll            |       |     3 |       ||     3
       Potion            |       |     3 |       ||     3
 Stab: Sleeping          |       |     1 |       ||     1
Armor: Skin              |     4 |     3 |     3 ||    10
Dodge: Dodged            |    13 |    31 |    16 ||    60
